 Dungeon Crawl Stone Soup version 0.30-b1-2-g02819fbbbe (webtiles) character file.

Game seed: 8936076184010209117

228 Alarkh the Insei (level 5, 38/38 HPs)
             Began as a Demonspawn Delver on May 22, 2023.
             Got out of the dungeon alive.
             The game lasted 00:02:09 (930 turns).

Alarkh the Insei (Demonspawn Delver)                 Turns: 930, Time: 00:02:10

Health: 38/38      AC:  8    Str: 12    XL:     5   Next: 70%
Magic:  5/5        EV: 11    Int: 14    God:
Gold:   81         SH:  0    Dex: 16    Spells: 4/4 levels left

rFire   . .          .
                       - Unarmed
rCold   . . .        (no shield)
rNeg    . . .        a - +0 leather armour
rPois   .            (helmet restricted)
rElec   .            (no cloak)
rCorr   .            (no gloves)
SInv    .            (no boots)
Will    .....        (no amulet)
Stlth   ++++         m - +4 ring of protection
HPRegen 0.26/turn    (no ring)
MPRegen 0.09/turn

%: no passive effects
@: no status effects
A: horns 2, rugged brown scales 1, foul stench 1, thin skeletal structure 1,
frail 1
a: no special abilities


You escaped.
You visited 1 branch of the dungeon, and saw 5 of its levels.

You collected 81 gold pieces.

Inventory:

Armour
 a - a +0 leather armour (worn)
Jewellery
 m - a +4 ring of protection (left hand)
Wands
 f - a wand of digging (3)
 h - a wand of roots (3)
Scrolls
 b - a scroll of fog
 c - a scroll of magic mapping
 d - a scroll of fear
 g - a scroll of identify
 i - 2 scrolls of teleportation
Potions
 e - a potion of haste
 j - a potion of degeneration


   Skills:
 - Level 3.0 Fighting
 - Level 1.7 Dodging
 - Level 4.5 Stealth
 + Level 5.5 Unarmed Combat


You had 4 spell levels left.
You didn't know any spells.
Your spell library was empty.

Dungeon Overview and Level Annotations

Branches:
Dungeon (5/15)
 Temple: D:4-7

Altars:


Innate Abilities, Weirdness & Mutations

You have a pair of horns on your head.
You are partially covered in rugged brown scales. (AC +1, +3% HP)
You may rarely emit foul miasma when damaged in melee.
You have a somewhat thin skeletal structure. (Dex +2, Stealth+)
You are frail. (-10% HP)


Message History

You see here a frilled lizard corpse.
A quokka comes into view.
You can't go up here!
You punch the quokka!
You kill the quokka!
No target in view!
No target in view!
No target in view!
No target in view!
No target in view!
No target in view!
No target in view!
No target in view!
No target in view!
(D) Dungeon
Where to? (Enter - D:1 @ (x,y), ? - help)
There is a stone staircase leading down here.
A hobgoblin comes into view.
The hobgoblin shouts!
The hobgoblin moves out of view.
You can't go up here!
No target in view!
(D) Dungeon
Where to? (Enter - D:1 @ (x,y), ? - help)
You can't go up here!
The hobgoblin closely misses you.
You punch the hobgoblin!
You kill the hobgoblin!
No target in view!
No target in view!
No target in view!
No target in view!
No target in view!
No target in view!
No target in view!
You see here a hobgoblin corpse.
Found 4 gold pieces.
There is a staircase leading out of the dungeon here.
Are you sure you want to leave the Dungeon?
This will make you lose the game!
You have escaped!

......# .# #.##.#
#####.######.#
#.##.######
#..........#.#
#.##.......
....#.#.##.#.####. #
#.#########
#..##.##.#.#..... $###.#
#..##.###>.#..#####..##.#
.............#.....#..#.#
#...#.#.#...#.......#...
# #.#....#...†@....#
#...#.#.##..#.......#..#
.... ........#.....#..#
...>###.####..#####..##
###. # ##. .## .. # #.#
..


There were no monsters in sight!

Vanquished Creatures
  A centaur (D:5)
  An ogre (D:4)
  3 ball pythons (D:1)
  2 bats
  5 endoplasms
  4 giant cockroaches
  3 goblins
  4 hobgoblins
  13 jackals
  5 kobolds
  2 quokkas (D:1)
  4 frilled lizards
  8 rats
55 creatures vanquished.

Notes
Turn   | Place    | Note
-------+----------+-------------------------------------------
     0 | D:5      | Alarkh the Demonspawn Delver began the quest for the Orb.
     0 | D:5      | Reached XP level 1. HP: 18/18 MP: 1/1
   101 | D:5      | Noticed a centaur
   114 | D:5      | Killed a centaur
   115 | D:5      | Reached skill level 4 in Unarmed Combat
   115 | D:5      | Gained mutation: You may rarely emit foul miasma when
                  | damaged in melee. [demonic ancestry]
   115 | D:5      | Reached XP level 2. HP: 20/24 MP: 2/2
   115 | D:5      | Gained mutation: You are partially covered in rugged brown
                  | scales. (AC +1, +3% HP) [demonic ancestry]
   115 | D:5      | Reached XP level 3. HP: 20/29 MP: 3/3
   115 | D:5      | Gained mutation: You have a pair of small horns on your
                  | head. [demonic ancestry]
   115 | D:5      | Reached XP level 4. HP: 25/36 MP: 4/4
   118 | D:4      | Noticed an ogre
   126 | D:4      | Killed an ogre
   127 | D:4      | Reached skill level 5 in Unarmed Combat
   127 | D:4      | Gained mutation: You have a pair of horns on your head.
                  | [demonic ancestry]
   127 | D:4      | Reached XP level 5. HP: 33/42 MP: 5/5
   902 | D:1      | Gained mutation: You are frail. (-10% HP) [potion of
                  | mutation]
   902 | D:1      | Gained mutation: You have a somewhat thin skeletal
                  | structure. (Dex +2, Stealth+) [potion of mutation]
   930 | D:$      | Got out of the dungeon alive.

Illustrated notes

Levels and vault maps discovered:
D:1:      scummos_arrival_hexagon, layout_loops_ring, minmay_stone_trees_small,
          corexii_leaking_fountain, minmay_nonomino_d4
D:2:      layout_loops_ring
D:3:      layout_rooms, led_sif_book, dreamdust_ecumenical_altar_statues,
          gammafunk_ghost_smash, uniq_robin
D:4:      layout_basic, doesnt_xom_only_xom, minmay_temple_entry_offerings
D:5:      layout_basic, mainiacjoe_overflow_alcove_2,
          nicolae_elyvilon_temple_path, uniq_sigmund

Skill      XL: |  1  2  3  4 |
---------------+-------------+-----
Unarmed Combat | 4 5 |  5.5
Fighting       | |  3.0
Dodging        | |  1.7
Stealth        | |  4.5

Action                     |  1- 3 |  4- 6 || total
---------------------------+-------+-------++-------
  Melee: Unarmed           |     2 |   114 ||   116
         Headbutt          |       |    17 ||    17
         Punch             |       |     2 ||     2
  Evoke: Wand              |     2 |     1 ||     3
    Use: Scroll            |       |     5 ||     5
         Potion            |       |     5 ||     5
   Stab: Sleeping          |       |     2 ||     2
         Distracted        |       |     1 ||     1
 Armour: Leather armour    |     3 |    37 ||    40
  Dodge: Dodged            |    10 |    43 ||    53
